 Dungeon Crawl Stone Soup version 0.31-a0-986-g5e6e4ef867 (webtiles) character file.

Game seed: 4077632128803635795

2786 Lobster4 the Skirmisher (level 9, -21/70 HPs)
             Began as a Minotaur Hunter on Nov 12, 2023.
             Was a Follower of Hepliaklqana.
             Demolished by Gastronok (33 damage)
             ... on level 8 of the Dungeon.
             The game lasted 00:18:45 (4984 turns).

Lobster4 the Skirmisher (Minotaur Hunter)           Turns: 4984, Time: 00:18:46

Health: -21/70     AC: 12    Str: 11    XL:     9   Next: 43%
Magic:  0/10       EV: 13    Int:  6    God:    Hepliaklqana [*.....]
Gold:   292        SH:  0    Dex: 18    Spells: 8/8 levels left

rFire   . . .        l - +0 trident (venom)
rCold   + + +        (no shield)
rNeg    . . .        e - +1 ring mail
rPois   +            (helmet restricted)
rElec   +            (no cloak)
rCorr   .            x - +2 pair of gloves of the Nightingale {rElec rC+++ Str-5}
SInv    .            t - +0 pair of boots
Will    .....        j - amulet of guardian spirit
Stlth   +            f - ring of poison resistance
HPRegen 0.31/turn    k - ring of protection from cold
MPRegen 0.12/turn

%: guardian spirit
@: mighty, studying Ranged Weapons
A: reduced essence, horns 2, retaliatory headbutt
a: Renounce Religion, Recall Ancestor, Ancestor Identity


You were on level 8 of the Dungeon.
You worshipped Hepliaklqana.
Hepliaklqana was aware of your devotion.
You visited 1 branch of the dungeon, and saw 9 of its levels.

You collected 292 gold pieces.

Inventory:

Hand Weapons
 a - a +0 shortbow
 b - a +3 dagger
 i - a +0 long sword
 l - a +0 trident of venom (weapon)
 y - a +0 rapier
Missiles
 p - 8 poisoned darts
 s - 5 darts of dispersal
Armour
 e - a +1 ring mail (worn)
 n - a +0 pair of gloves
 t - a +0 pair of boots (worn)
 x - the +2 pair of gloves of the Nightingale (worn) {rElec rC+++ Str-5}
   (You found it on level 4 of the Dungeon)

   Str-5:     It affects your strength (-5).
   rC+++:     It renders you almost immune to cold.
   rElec:     It insulates you from electricity.
Magical Staves
 r - a staff of fire
 w - a staff of poison
Jewellery
 f - a ring of poison resistance (left hand)
 g - a ring of ice
 j - an amulet of guardian spirit (around neck)
 k - a ring of protection from cold (right hand)
Wands
 q - a wand of mindburst (1)
Scrolls
 d - 2 scrolls of fog
 m - a scroll of enchant armour
Potions
 o - a potion of enlightenment
 u - 2 potions of lignification {unknown}
 v - 4 potions of curing
 z - a potion of haste


   Skills:
 + Level 6.8 Fighting
 * Level 11.6 Ranged Weapons
 + Level 6.3 Armour
 + Level 6.2 Dodging
 - Level 1.0 Stealth
 - Level 3.0 Invocations
 - Level 3.0 Evocations


You had 8 spell levels left.
You didn't know any spells.
Your spell library was empty.

Dungeon Overview and Level Annotations

Branches:
Dungeon (9/15)
 Temple: D:4-7         Lair: D:8-11         Orc: D:9-12

Altars:
Ashenzari
Hepliaklqana
Trog
Wu Jian

Shops:
D:3 [   D:5 :

Annotations:
D:5 2 transporters, DoNotCum's ghost, novice DECj
D:7 Jeremiah
D:8 Gastronok


Innate Abilities, Weirdness & Mutations

Your life essence is reduced to manifest your ancestor. (-10% HP)
You have a pair of horns on your head.
You reflexively headbutt those who attack you in melee.


Message History

Gastronok chants a spell, wobbling all the while.
You feel much better.
Ankhesenamen hits the deep elf pyromancer.
The bat hits you but does no damage.
Reach: l) +0 trident (venom)
Press: ? - help, Dir - move target, f/p - Gastronok
Aim: Gastronok, wearing a +0 hat (grey smoke, moderately wounded, covering ground quickly, about 6% to evade your +0 trident of venom)
You reach to attack!
You barely miss Gastronok.
Gastronok is moderately wounded.
The bat completely misses you.
The deep elf pyromancer hits Ankhesenamen with a +0 long sword!
Ankhesenamen closely misses the deep elf pyromancer.
The deep elf pyromancer closely misses Ankhesenamen.
Reach: l) +0 trident (venom)
Press: ? - help, Dir - move target, f/p - Gastronok
Aim: Gastronok, wearing a +0 hat (grey smoke, moderately wounded, covering ground quickly, about 6% to evade your +0 trident of venom)
You barely miss Gastronok. You headbutt Gastronok!
Gastronok is moderately wounded.
You kill the deep elf pyromancer!
The bat closely misses you. x2; You furiously retaliate!
You headbutt the bat!
You kill the bat!
The bat's corpse disappears in a puff of smoke!
The river rat misses you. Gastronok bites you!!
* * * LOW HITPOINT WARNING * * *
Your Ranged Weapons skill increases to level 11!
Your Armour skill increases to level 6!
Your Dodging skill increases to level 6!
Okay, then.
You feel better.
Ankhesenamen hits Gastronok but does no damage.
The river rat bites you.
* * * LOW HITPOINT WARNING * * *
You hit Gastronok.
Gastronok is poisoned.
You headbutt Gastronok!
Gastronok is heavily wounded.
Gastronok is no longer moving quickly.
Ankhesenamen hits Gastronok.
The river rat bites you.
* * * LOW HITPOINT WARNING * * *
Gastronok bites you!!
You die...
Gastronok gurgles, "About time.
I'm starving!"

.......#.#.##########w#
########.#......wrr.#.#
########.##########.#.#
R........#....#..r..#.#
##########.##.#.#####.#
...††......##.#.......#
.####......##.#.§...######
.# ##.....###.##R#.........
.###..........§.@wb........
......#######.###r#.#######
......# #.# ##§.# ......#
#.. #.# ......# #.## #.'.
......# #.. #.#.# .####.#
#.. .#P.. ......# #.# ##
.......


You could see the friendly Ankhesenamen the ancestor, Gastronok (very poisoned,
ally target), a river rat (summoned) and a bat (summoned).

Vanquished Creatures
  A deep elf pyromancer (D:8)
  An ugly thing (D:8)
  Grinder (D:5)
  A shadow (D:8)
  Eustachio (D:4)
  Menkaure (D:4)
  An ice beast (D:8)
  An ogre (D:5)
  A phantom (D:5)
  A kobold brigand (D:9)
  2 bullfrogs
  A gnoll sergeant (D:9)
  A scorpion (D:5)
  4 killer bees (D:8)
  3 jellies
  A hound (D:4)
  2 iguanas
  Robin (D:3)
  14 gnolls
  An adder (D:4)
  2 worms
  A dart slug (D:4)
  3 orcs (D:6)
  4 bats
  9 endoplasms
  2 giant cockroaches
  16 goblins
  5 hobgoblins
  2 jackals (D:2)
  8 kobolds
  2 quokkas
  9 ball pythons
  3 frilled lizards (D:1)
  6 rats
112 creatures vanquished.

Vanquished Creatures (collateral kills)
  An ice beast (D:5)
  A scorpion (D:5)
  A killer bee (D:8)
  A gnoll bouda (D:5)
  A shadow imp (D:5)
5 creatures vanquished.

Vanquished Creatures (others)
  7 ancestors
7 creatures vanquished.

Grand Total: 124 creatures vanquished

Notes
Turn   | Place    | Note
-------+----------+-------------------------------------------
     0 | D:1      | Lobster4 the Minotaur Hunter began the quest for the Orb.
     0 | D:1      | Reached XP level 1. HP: 18/18 MP: 0/0
    37 | D:1      | Found a faded altar of an unknown god.
   166 | D:1      | Reached XP level 2. HP: 25/25 MP: 1/1
   193 | D:1      | Reached skill level 1 in Stealth
   315 | D:1      | Reached skill level 1 in Armour
   621 | D:2      | Reached XP level 3. HP: 30/30 MP: 2/2
  1012 | D:2      | Reached skill level 5 in Ranged Weapons
  1396 | D:3      | Reached XP level 4. HP: 24/38 MP: 3/3
  1599 | D:3      | Noticed Robin
  1606 | D:3      | Killed Robin
  1691 | D:3      | Found Tyefa Paiff's Armour Boutique.
  2155 | D:4      | Noticed Menkaure
  2304 | D:4      | Noticed Eustachio
  2311 | D:5      | Entered Level 5 of the Dungeon
  2311 | D:5      | Noticed a phantom
  2320 | D:5      | Noticed an ogre
  2365 | D:4      | Killed Eustachio
  2366 | D:4      | Reached skill level 6 in Ranged Weapons
  2366 | D:4      | Reached XP level 5. HP: 24/46 MP: 0/4
  2366 | D:4      | Reached XP level 6. HP: 27/52 MP: 0/5
  2494 | D:4      | Found a hazy altar of Hepliaklqana.
  2503 | D:4      | Became a worshipper of Hepliaklqana the Forgotten
  2694 | D:4      | Killed Menkaure
  2853 | D:4      | Identified the +2 pair of gloves of the Nightingale {rElec
                  | rC+++ Str-5}
  3191 | D:4      | Reached skill level 1 in Invocations
  3565 | D:5      | Found Teips's Book Boutique.
  3595 | D:5      | Reached skill level 1 in Evocations
  3603 | D:5      | Noticed Grinder
  3611 | D:5      | Reached XP level 7. HP: 54/60 MP: 4/6
  3632 | D:5      | Noticed a hornet
  3633 | D:5      | Identified a scroll of acquirement
  3633 | D:5      | Acquired a manual of Ranged Weapons
  3639 | D:5      | Noticed DoNotCum's ghost (novice DECj)
  3726 | D:5      | Found a transporter.
  3726 | D:5      | Found a transporter.
  3729 | D:5      | Reached * piety under Hepliaklqana
  3895 | D:5      | Reached skill level 7 in Ranged Weapons
  3920 | D:5      | Found a bloodstained altar of Trog.
  4045 | D:5      | Killed Grinder
  4046 | D:5      | Reached skill level 5 in Fighting
  4046 | D:5      | Reached skill level 8 in Ranged Weapons
  4046 | D:5      | Reached XP level 8. HP: 61/61 MP: 8/8
  4307 | D:6      | You fall into a shaft and drop 3 floors!
  4368 | D:9      | Found a broken altar of Ashenzari.
  4369 | D:9      | Found an ornate altar of the Wu Jian Council.
  4379 | D:9      | Reached skill level 9 in Ranged Weapons
  4379 | D:9      | Reached skill level 5 in Dodging
  4381 | D:9      | Noticed a death yak
  4489 | D:8      | Reached skill level 5 in Armour
  4492 | D:7      | Noticed Jeremiah
  4854 | D:8      | Reached skill level 10 in Ranged Weapons
  4865 | D:8      | Reached XP level 9. HP: 66/67 MP: 10/10
  4911 | D:8      | Noticed Gastronok
  4925 | D:8      | Noticed a brown ugly thing
  4939 | D:8      | Killed a brown ugly thing
  4970 | D:8      | Noticed a deep elf pyromancer
  4982 | D:8      | Killed a deep elf pyromancer
  4983 | D:8      | Reached skill level 11 in Ranged Weapons
  4984 | D:8      | Demolished by Gastronok

Illustrated notes

Levels and vault maps discovered:
D:1:      eino_arrival_water_cross, layout_basic, ebering_ecumenical_altar_mist,
          kennysheep_crisscross
D:2:      layout_basic
D:3:      layout_loops_ring, serial_shops, shop, uniq_robin
D:4:      layout_layer_cave, mainiacjoe_overflow_small_starburst,
          amcnicky_mini_corridor_feature, uniq_menkaure, uniq_eustachio
D:5:      layout_basic, nicolae_overflow_crystal_walls, serial_shops, shop,
          gammafunk_ghost_hive, uniq_grinder
D:6:      layout_basic, gup_sewer_entry_glass,
          eino_small_chamber_without_monster
D:7:      layout_cave_pools, minmay_temple_entry_poolview,
          hangedman_abyss_or_decor_lesser_grid, minmay_misc_feat_nine_boxes,
          uniq_jeremiah
D:8:      layout_basic, serial_bayou_pond_a, hangedman_decor_riveting,
          minmay_shattered_shrine, uniq_grum, uniq_maurice, uniq_erica,
          uniq_pikel, uniq_gastronok
D:9:      layout_rooms, chequers_temple_overflow_statue_of_worship,
          david_lair_generic, minivault_28

Skill      XL: |  1  2  3  4  5  6  7  8  9 |
---------------+----------------------------+-----
Stealth        | 1 |  1.0
Armour         | 1 2 3 4 5 6 |  6.3
Ranged Weapons | 5 6 8 10 11 | 11.6
Fighting       | 3 4 5 6 |  6.8
Dodging        | 3 4 5 6 |  6.2
Invocations    | 1 2 3 |  3.0
Evocations     | 1 2 3 |  3.0

Action                     |  1- 3 |  4- 6 |  7- 9 || total
---------------------------+-------+-------+-------++-------
  Melee: Dagger            |       |    11 |       ||    11
         Headbutt          |       |     4 |     2 ||     6
         Trident           |       |       |     6 ||     6
   Fire: Shortbow          |   110 |   138 |   207 ||   455
  Throw: Dart              |       |     4 |     2 ||     6
 Invoke: Recall Ancestor   |       |       |     3 ||     3
  Evoke: Wand              |       |       |     4 ||     4
    Use: Scroll            |       |     8 |     7 ||    15
         Potion            |       |     1 |     7 ||     8
 Armour: Ring mail         |    31 |    75 |   102 ||   208
         Leather armour    |     1 |       |       ||     1
  Dodge: Dodged            |    17 |    85 |    55 ||   157

Table legend: (Time is in decaauts)
 A = Elapsed time spent in this place.
 B = Non-inter-level travel time spent in this place.
 C = Inter-level travel time spent in this place.
 D = Time resting spent in this place.
 E = Time spent auto-exploring this place.
 F = Levels seen in this place.
 G = Mean time per level.
                   A        B        C        D        E       F      G
               +--------+--------+--------+--------+--------+-----+--------+
         Total |   5086 |   4917 |    169 |    478 |   3147 |   9 |  565.1 |
       Dungeon |   5086 |   4917 |    169 |    478 |   3147 |   9 |  565.1 |
               +--------+--------+--------+--------+--------+-----+--------+

Top non-repeatable levels by time:
     D:4: 1467 daAuts
     D:3: 915 daAuts
     D:2: 700 daAuts
     D:5: 660 daAuts
     D:8: 545 daAuts
     D:1: 542 daAuts
     D:9: 139 daAuts
     D:6: 104 daAuts
     D:7: 11 daAuts
